TOP OF THE 1ST |
Paris Cubs batting - Pitching for York Revolution : RHP Bobby Acevedo
|
Pitching: RHP Bobby Acevedo
|
|
Batting: LHB Cameron Marinelli
|
0-0: Ball 1-0: Ball 2-0: Ball 3-0: Called Strike 3-1: Base on Balls
|
Batting: RHB Michihisa Tanaka
|
0-0: Ball Cameron Marinelli steals 2nd base 1-0: Ball 2-0: Foul Ball, location: 2F 2-1: Fly out, F9 (Flyball, 9, EV 80.0 MPH)
|
Batting: LHB Jeremy Rideout
|
0-0: Ball 1-0: Called Strike 1-1: Ball Balk! Cameron Marinelli to third 2-1: Ground out 4-3 (Groundball, 4S, EV 89.4 MPH) Cameron Marinelli scores
|
Batting: LHB David Mendez
|
0-0: Ball 1-0: Ball 2-0: Called Strike 2-1: Foul Ball, location: 2F 2-2: Foul Ball, location: 2F 2-2: Ball 3-2: Foul Ball, location: 2F 3-2: Foul Ball, location: 2F 3-2: Foul Ball, location: 2F 3-2: Base on Balls
|
Batting: RHB Mike Snider
|
0-0: Called Strike 0-1: Ball 1-1: Ball 2-1: Foul Ball, location: 2F 2-2: Strikes out swinging
|
Top of the 1st over - 1 run, 0 hits, 0 errors, 1 left on base; Paris 1 - York 0 |
BOTTOM OF THE 1ST |
York Revolution batting - Pitching for Paris Cubs : RHP Alberto Cabrera
|
Pitching: RHP Alberto Cabrera
|
|
Batting: LHB Quincy Smart
|
0-0: Ball 1-0: Fly out, F2 (Popup, 25F, EV 82.5 MPH)
|
Batting: RHB Dan Shaffer
|
0-0: Called Strike 0-1: Foul Ball, location: 2F 0-2: Strikes out swinging, 2-3 out at first.
|
Batting: LHB Mike Hawk
|
0-0: Called Strike 0-1: Ball 1-1: Foul Ball, location: 2F 1-2: Strikes out swinging
|
Bottom of the 1st over - 0 runs, 0 hits, 0 errors, 0 left on base; Paris 1 - York 0 |
TOP OF THE 2ND |
Paris Cubs batting - Pitching for York Revolution : RHP Bobby Acevedo
|
Batting: LHB Don Crockett
|
0-0: Ground out 6-3 (Groundball, 6M, EV 100.0 MPH)
|
Batting: RHB Manny Serrano
|
0-0: Swinging Strike 0-1: Foul Ball, location: 2F 0-2: Foul Ball, location: 2F 0-2: Ball 1-2: Ball 2-2: Foul Ball, location: 2F 2-2: Ball 3-2: Strikes out swinging
|
Batting: RHB Jorge Robles
|
0-0: Ball 1-0: Ball 2-0: Ball 3-0: Called Strike 3-1: Ground out 3-1 (Groundball, 34, EV 101.2 MPH)
|
Top of the 2nd over - 0 runs, 0 hits, 0 errors, 0 left on base; Paris 1 - York 0 |
BOTTOM OF THE 2ND |
York Revolution batting - Pitching for Paris Cubs : RHP Alberto Cabrera
|
Batting: RHB Juan Gonzalez
|
0-0: Ball 1-0: Ball 2-0: Foul Ball, location: 2F 2-1: Ball 3-1: Foul Ball, location: 2F 3-2: Foul Ball, location: 2F 3-2: SINGLE (Flyball, 9LS, EV 86.9 MPH)
|
Batting: RHB Alexis Graciani
|
0-0: Swinging Strike 0-1: Called Strike 0-2: Ball 1-2: Foul Ball, location: 2F 1-2: Strikes out swinging
|
Batting: LHB Cipto Pakpahan
|
0-0: Ball 1-0: Swinging Strike 1-1: Ball 2-1: Ball 3-1: Called Strike 3-2: Base on Balls Juan Gonzalez to second
|
Batting: RHB Mike Staunton
|
0-0: Called Strike 0-1: Swinging Strike 0-2: Ball 1-2: Strikes out swinging
|
Batting: RHB Jonathan Steria
|
0-0: Called Strike 0-1: Called Strike 0-2: Ball 1-2: Fielders Choice at 2nd, 6-4 (Groundball, 6, EV 83.1 MPH)
|
Bottom of the 2nd over - 0 runs, 1 hit, 0 errors, 2 left on base; Paris 1 - York 0 |
TOP OF THE 3RD |
Paris Cubs batting - Pitching for York Revolution : RHP Bobby Acevedo
|
Batting: RHB Mike Prado
|
0-0: Called Strike 0-1: Ball 1-1: Ball 2-1: Reached on error, E6 (Groundball, 6, EV 86.2 MPH)
|
Batting: LHB Cameron Marinelli
|
0-0: Ball 1-0: Ball 2-0: Called Strike 2-1: Grounds into double play, 4-6-3 (Groundball, 4, EV 87.5 MPH)
|
Batting: RHB Michihisa Tanaka
|
0-0: Ball 1-0: Ball 2-0: Foul Ball, location: 2F 2-1: Ground out 6-3 (Groundball, 6, EV 108.8 MPH)
|
Top of the 3rd over - 0 runs, 0 hits, 1 error, 0 left on base; Paris 1 - York 0 |
BOTTOM OF THE 3RD |
York Revolution batting - Pitching for Paris Cubs : RHP Alberto Cabrera
|
Batting: RHB Tim Schell
|
0-0: Ball 1-0: SINGLE (Line Drive, 7LS, EV 111.9 MPH)
|
Batting: LHB Quincy Smart
|
0-0: Fielders Choice at 2nd, 5-4 (Groundball, 5, EV 90.0 MPH)
|
Batting: RHB Dan Shaffer
|
0-0: Called Strike 0-1: Ball 1-1: Foul Ball, location: 2F 1-2: Ball 2-2: Fly out, F8 (Flyball, 89D, EV 98.1 MPH)
|
Batting: LHB Mike Hawk
|
0-0: Foul Ball, location: 2F 0-1: Called Strike 0-2: Ball 1-2: Ball 2-2: DOUBLE (Flyball, 78D, EV 106.9 MPH) Quincy Smart to third Runner from 3rd tries for Home, SAFE, throw by CF to home
|
Batting: RHB Juan Gonzalez
|
0-0: Foul Ball, location: 2F 0-1: Foul Ball, location: 2F 0-2: Ball 1-2: Fly out, F9 (Flyball, 89M, EV 88.8 MPH)
|
Bottom of the 3rd over - 1 run, 2 hits, 0 errors, 1 left on base; Paris 1 - York 1 |
TOP OF THE 4TH |
Paris Cubs batting - Pitching for York Revolution : RHP Bobby Acevedo
|
Batting: LHB Jeremy Rideout
|
0-0: Foul Ball, location: 2F 0-1: Ball 1-1: Foul Ball, location: 2F 1-2: SINGLE (Groundball, 4D, EV 105.6 MPH)
|
Batting: LHB David Mendez
|
0-0: Called Strike 0-1: Ball 1-1: Ball Wild Pitch! Jeremy Rideout to second 2-1: Fly out, F5 (Popup, 56, EV 65.6 MPH)
|
Batting: RHB Mike Snider
|
0-0: Foul Ball, location: 2F 0-1: Called Strike 0-2: Ball 1-2: Strikes out swinging
|
Batting: LHB Don Crockett
|
0-0: Called Strike 0-1: Ball 1-1: Ball 2-1: Called Strike 2-2: Ground out 5-3 (Groundball, 6S, EV 91.2 MPH)
|
Top of the 4th over - 0 runs, 1 hit, 0 errors, 1 left on base; Paris 1 - York 1 |
BOTTOM OF THE 4TH |
York Revolution batting - Pitching for Paris Cubs : RHP Alberto Cabrera
|
Batting: RHB Alexis Graciani
|
0-0: Ball 1-0: Foul Ball, location: 2F 1-1: Called Strike 1-2: Foul Ball, location: 2F 1-2: Strikes out swinging
|
Batting: LHB Cipto Pakpahan
|
0-0: Fly out, F8 (Flyball, 8LD, EV 85.0 MPH)
|
Batting: RHB Mike Staunton
|
0-0: Ball 1-0: Ball 2-0: SINGLE (Line Drive, 6D, EV 98.1 MPH)
|
Batting: RHB Jonathan Steria
|
0-0: Foul Ball, location: 2F 0-1: Swinging Strike 0-2: Foul Ball, location: 2F 0-2: Strikes out swinging
|
Bottom of the 4th over - 0 runs, 1 hit, 0 errors, 1 left on base; Paris 1 - York 1 |
TOP OF THE 5TH |
Paris Cubs batting - Pitching for York Revolution : RHP Bobby Acevedo
|
Batting: RHB Manny Serrano
|
0-0: Ball 1-0: Ground out 6-3 (Groundball, 56, EV 85.6 MPH)
|
Batting: RHB Jorge Robles
|
0-0: Called Strike 0-1: Foul Ball, location: 2F 0-2: Ball 1-2: Ball 2-2: Foul Ball, location: 2F 2-2: Ball 3-2: Fly out, F9 (Flyball, 9LMF, EV 85.6 MPH)
|
Batting: RHB Mike Prado
|
0-0: Ball 1-0: Ball 2-0: Foul Ball, location: 2F 2-1: SINGLE (Groundball, 4S, EV 63.8 MPH) (infield hit)
|
Pitching: RHP Edgar Garza
|
|
Batting: LHB Cameron Marinelli
|
0-0: Swinging Strike 0-1: Ground out 3-1 (Groundball, 34S, EV 82.5 MPH)
|
Top of the 5th over - 0 runs, 1 hit, 0 errors, 1 left on base; Paris 1 - York 1 |
BOTTOM OF THE 5TH |
York Revolution batting - Pitching for Paris Cubs : RHP Alberto Cabrera
|
Batting: RHB Tim Schell
|
0-0: SINGLE (Line Drive, 7S, EV 109.4 MPH)
|
Batting: LHB Quincy Smart
|
0-0: Ball 1-0: SINGLE (Line Drive, 8LS, EV 104.4 MPH) Tim Schell to second
|
Batting: RHB Dan Shaffer
|
0-0: Foul Ball, location: 2F 0-1: Foul Ball, location: 2F 0-2: SINGLE (Flyball, 78S, EV 89.4 MPH) Tim Schell to third Quincy Smart to second
|
Batting: LHB Mike Hawk
|
0-0: Foul Ball, location: 2F 0-1: Ball 1-1: Called Strike 1-2: Ball 2-2: DOUBLE (Line Drive, 89D, EV 113.1 MPH) Tim Schell scores Quincy Smart scores Dan Shaffer to third
|
Batting: RHB Juan Gonzalez
|
0-0: Ball 1-0: Ground out 5-3 (Groundball, 56S, EV 85.0 MPH) Dan Shaffer scores
|
Batting: RHB Alexis Graciani
|
0-0: Called Strike 0-1: Foul Ball, location: 2F 0-2: Ball 1-2: Strikes out looking
|
Batting: LHB Cipto Pakpahan
|
0-0: Foul Ball, location: 2F 0-1: Ball 1-1: Foul Ball, location: 2F 1-2: Ball 2-2: Strikes out swinging
|
Bottom of the 5th over - 3 runs, 4 hits, 0 errors, 1 left on base; Paris 1 - York 4 |
TOP OF THE 6TH |
Paris Cubs batting - Pitching for York Revolution : RHP Edgar Garza
|
Batting: RHB Michihisa Tanaka
|
0-0: Called Strike 0-1: Ball 1-1: Swinging Strike 1-2: Ball 2-2: Strikes out looking
|
Batting: LHB Jeremy Rideout
|
0-0: Foul Ball, location: 2F 0-1: Foul Ball, location: 2F 0-2: Ball 1-2: Ball 2-2: Ball 3-2: Fly out, F7 (Flyball, 78M, EV 82.5 MPH)
|
Batting: LHB David Mendez
|
0-0: Ball 1-0: Ball 2-0: Ball 3-0: Called Strike 3-1: Called Strike 3-2: Strikes out swinging
|
Top of the 6th over - 0 runs, 0 hits, 0 errors, 0 left on base; Paris 1 - York 4 |
BOTTOM OF THE 6TH |
York Revolution batting - Pitching for Paris Cubs : RHP Alberto Cabrera
|
Batting: RHB Mike Staunton
|
0-0: Swinging Strike 0-1: Foul Ball, location: 2F 0-2: Strikes out swinging
|
Batting: RHB Jonathan Steria
|
0-0: DOUBLE (Groundball, 5L, EV 97.5 MPH)
|
Batting: RHB Tim Schell
|
0-0: Called Strike 0-1: Ball 1-1: Foul Ball, location: 2F 1-2: Foul Ball, location: 2F 1-2: Ground out 4-3 (Groundball, 34, EV 102.5 MPH) Jonathan Steria to third
|
Batting: LHB Quincy Smart
|
0-0: Ball 1-0: SINGLE (Flyball, 8RS, EV 96.9 MPH) Jonathan Steria scores
|
Batting: RHB Dan Shaffer
|
0-0: Ball 1-0: Ball 2-0: Swinging Strike 2-1: SINGLE (Groundball, 34D, EV 94.4 MPH) Quincy Smart to second Runner from 2nd tries for 3rd, SAFE, throw by RF made to third
|
Pitching: RHP Reginald Bamber
|
|
Batting: LHB Mike Hawk
|
0-0: Swinging Strike 0-1: Foul Ball, location: 2F 0-2: Strikes out swinging
|
Bottom of the 6th over - 1 run, 3 hits, 0 errors, 2 left on base; Paris 1 - York 5 |
TOP OF THE 7TH |
Paris Cubs batting - Pitching for York Revolution : RHP Edgar Garza
|
Batting: RHB Mike Snider
|
0-0: Called Strike 0-1: Swinging Strike 0-2: Strikes out swinging
|
Batting: LHB Don Crockett
|
0-0: Ball 1-0: Ball 2-0: Foul Ball, location: 2F 2-1: Ball 3-1: Base on Balls
|
Batting: RHB Manny Serrano
|
0-0: Swinging Strike 0-1: Called Strike 0-2: Strikes out looking
|
Batting: RHB Jorge Robles
|
0-0: Ball 1-0: Foul Ball, location: 2F 1-1: Ball 2-1: Foul Ball, location: 2F 2-2: Fly out, F7 (Flyball, 7, EV 90.6 MPH)
|
Top of the 7th over - 0 runs, 0 hits, 0 errors, 1 left on base; Paris 1 - York 5 |
BOTTOM OF THE 7TH |
York Revolution batting - Pitching for Paris Cubs : RHP Reginald Bamber
|
Batting: RHB Juan Gonzalez
|
0-0: Called Strike 0-1: Ball 1-1: Ball 2-1: Swinging Strike 2-2: Strikes out swinging
|
Batting: RHB Alexis Graciani
|
0-0: Swinging Strike 0-1: Foul Ball, location: 2F 0-2: Ball 1-2: Strikes out looking
|
Batting: LHB Cipto Pakpahan
|
0-0: Fly out, F6 (Popup, 6D, EV 50.0 MPH)
|
Bottom of the 7th over - 0 runs, 0 hits, 0 errors, 0 left on base; Paris 1 - York 5 |
TOP OF THE 8TH |
Paris Cubs batting - Pitching for York Revolution : RHP Edgar Garza
|
Batting: RHB Mike Prado
|
0-0: Swinging Strike 0-1: Foul Ball, location: 2F 0-2: Ball 1-2: Strikes out swinging
|
Batting: LHB Cameron Marinelli
|
0-0: Called Strike 0-1: Ball 1-1: Ground out 4-3 (Groundball, 4, EV 108.1 MPH)
|
Pinch Hitting: LHB Tyler Schuettler
|
0-0: Ball 1-0: Ball 2-0: SINGLE (Groundball, 4MD, EV 106.2 MPH)
|
Pitching: RHP Lee Williams
|
|
Batting: LHB Jeremy Rideout
|
0-0: Swinging Strike 0-1: Ball 1-1: Ball 2-1: Foul Ball, location: 2F 2-2: Ball 3-2: Base on Balls Tyler Schuettler to second
|
Batting: LHB David Mendez
|
0-0: Ball 1-0: Ball 2-0: Ball 3-0: Base on Balls Tyler Schuettler to third Jeremy Rideout to second
|
Batting: RHB Mike Snider
|
0-0: Swinging Strike 0-1: Ball 1-1: Ball 2-1: Ball 3-1: Foul Ball, location: 2F 3-2: Strikes out looking
|
Top of the 8th over - 0 runs, 1 hit, 0 errors, 3 left on base; Paris 1 - York 5 |
BOTTOM OF THE 8TH |
York Revolution batting - Pitching for Paris Cubs : RHP Reginald Bamber
|
Now at 3B: Bobby DiBona
|
|
Batting: RHB Mike Staunton
|
0-0: Called Strike 0-1: Ball 1-1: Foul Ball, location: 2F 1-2: Strikes out looking
|
Batting: RHB Jonathan Steria
|
0-0: Swinging Strike 0-1: Foul Ball, location: 2F 0-2: Strikes out swinging
|
Batting: RHB Tim Schell
|
0-0: Swinging Strike 0-1: Foul Ball, location: 2F 0-2: Strikes out looking
|
Bottom of the 8th over - 0 runs, 0 hits, 0 errors, 0 left on base; Paris 1 - York 5 |
TOP OF THE 9TH |
Paris Cubs batting - Pitching for York Revolution : RHP Lee Williams
|
Batting: LHB Don Crockett
|
0-0: Ground out 5-3 (Groundball, 6, EV 104.4 MPH)
|
Batting: RHB Manny Serrano
|
0-0: Fly out, F7 (Line Drive, 78M, EV 100.6 MPH)
|
Batting: RHB Jorge Robles
|
0-0: Ball 1-0: Ball 2-0: Ball 3-0: Foul Ball, location: 2F 3-1: Fly out, F7 (Flyball, 7S, EV 77.5 MPH)
|
Top of the 9th over - 0 runs, 0 hits, 0 errors, 0 left on base; Paris 1 - York 5 |
|